 Dungeon Crawl Stone Soup version 0.27-b1-42-g19c61b19a5 (webtiles) character file.

Game seed: 17359809754744025135

114 Godstar23 the Vexing (level 4, -3/34 HPs)
             Began as a Gnoll Arcane Marksman on July 29, 2021.
             Killed by an exploding orc (30 damage)
             ... ignited by their inner flame
             ... on level 3 of the Dungeon.
             The game lasted 00:12:23 (3514 turns).

Godstar23 the Vexing (Gnoll Arcane Marksman)        Turns: 3514, Time: 00:12:26

Health: -3/34      AC:  6    Str:  9    XL:     4   Next: 97%
Magic:  5/8        EV: 14    Int: 12    God:
Gold:   150        SH:  0    Dex: 14    Spells: 1/9 levels left

rFire    . . .     SeeInvis .   w - +0 rapier
rCold    . . .     Faith    .   (no shield)
rNeg     . . .     Spirit   .   d - +0 robe
rPois    +         Reflect  .   (no helmet)
rElec    .         Harm     .   (no cloak)
rCorr    .         Rampage  .   (no gloves)
Will     .....                  (no boots)
Stlth    ++........             (no amulet)
HPRegen  0.11/turn              j - ring of poison resistance
MPRegen  0.11/turn              p - +4 ring of protection

@: no status effects
A: fangs 1, strong nose, distributed training
a: no special abilities


You were on level 3 of the Dungeon.
You visited 1 branch of the dungeon, and saw 3 of its levels.

You collected 150 gold pieces.

Inventory:

Hand Weapons
 a - a +0 shortbow
 g - a +0 dagger
 t - a +1 hunting sling of flaming
 w - a +0 rapier (weapon)
 C - a +0 scimitar
Missiles
 c - 6 arrows
 e - 17 sling bullets
 h - 2 boomerangs (quivered)
 k - 4 poisoned darts
 m - 85 stones
 n - 5 javelins
Armour
 d - a +0 robe (worn)
 D - a +0 leather armour
Magical Staves
 i - a staff of air
Jewellery
 j - a ring of poison resistance (left hand)
 p - a +4 ring of protection (right hand)
Scrolls
 b - 2 scrolls of identify {unknown}
 r - a scroll of brand weapon {unknown}
 s - 2 scrolls of fear {unknown}
 u - 2 scrolls of blinking {unknown}
 v - 2 scrolls of acquirement {unknown}
 y - a scroll of amnesia {unknown}
 B - a scroll of fog {unknown}
Potions
 f - a potion of flight {unknown}
 l - a potion of berserk rage {unknown}
 o - a potion of magic {unknown}
 q - 2 potions of brilliance {unknown}
 x - 2 potions of attraction {unknown}
 z - a potion of cancellation {unknown}
 A - a potion of lignification {unknown}
 E - a potion of heal wounds {unknown}


   Skills:
 + Level 2.8 Fighting
 + Level 1.3 Short Blades
 + Level 1.3 Long Blades
 + Level 1.3 Axes
 + Level 1.3 Maces & Flails
 + Level 1.3 Polearms
 + Level 1.3 Staves
 + Level 1.3 Slings
 + Level 4.7 Bows
 + Level 1.3 Crossbows
 + Level 1.3 Throwing
 + Level 1.3 Armour
 + Level 4.7 Dodging
 + Level 1.3 Stealth
 + Level 1.3 Shields
 + Level 1.3 Unarmed Combat
 + Level 3.1 Spellcasting
 + Level 1.0 Conjurations
 + Level 5.5 Hexes
 + Level 1.0 Summonings
 + Level 1.0 Necromancy
 + Level 1.0 Translocations
 + Level 1.0 Transmutations
 + Level 1.0 Fire Magic
 + Level 1.0 Ice Magic
 + Level 1.0 Air Magic
 + Level 1.0 Earth Magic
 + Level 1.0 Poison Magic
 + Level 1.4 Invocations
 + Level 1.3 Evocations


You had one spell level left.
You knew the following spells:

 Your Spells              Type           Power      Damage    Failure   Level
a - Corona                Hex            16%        N/A       2%          1
b - Slow                  Hex            15%        N/A       3%          2
c - Inner Flame           Hex/Fire       9%         N/A       19%         3
d - Poisonous Vapours     Pois/Air       8%         N/A       24%         2

Your spell library contained the following spells:

 Spells                   Type           Power      Damage    Failure   Level
 Sting                    Tmut/Pois      16%        1d3       16%         1
 Portal Projectile        Hex/Tloc       18%        N/A       19%         3
 Cause Fear               Hex            7%         N/A       26%         4
 Olgreb's Toxic Radiance  Pois           4%         N/A       83%         4


Dungeon Overview and Level Annotations

Branches:
Dungeon (3/15)

Altars:
Beogh


Innate Abilities, Weirdness & Mutations

You have very sharp teeth.
Your uncanny sense of smell can sniff out nearby items.
Your experience applies equally to all skills.


Message History

You hit the orc.
The orc is heavily wounded.
The orc closely misses you.
You hit the orc.
The orc is severely wounded.
The orc closely misses you.
You barely miss the orc.
The orc is severely wounded.
You hit the orc.
You kill the orc!
You hit the orc.
The orc is heavily wounded.
The orc hits you with a +0 club.
You hit the orc.
The orc is severely wounded.
The orc misses you.
You hit the orc.
You kill the orc!
You barely miss the orc. The orc hits you but does no damage.
The orc hits you with a +0 short sword.
You hit the orc. You bite the orc, but do no damage.
The orc is severely wounded.
The orc misses you.
You hit the orc.
You kill the orc!
You hit the orc.
The orc is severely wounded.
The orc misses you.
You barely miss the orc.
The orc is severely wounded.
The orc barely misses you.
You hit the orc.
You kill the orc!
You hit the orc.
Flame seeps out of the orc.
The orc is heavily wounded.
The orc is engulfed in blazing flames.
The orc explodes!
The fiery explosion engulfs you!!
Ouch! That really hurt!
You die...

#.#.....................#.#
#.############..........#)###
#.# #..........#....
##########.#..## #.#..#
#.#..## ### #####......
###...#########........##
.....(§○@.....'........''
###...#########........## #..
#........## #. #........# #
#........# #........#
#........# #........#
#........#


There were no monsters in sight!

Vanquished Creatures
  An orc priest (D:3)
  2 adders
  2 worms (D:2)
  10 orcs
  3 ball pythons
  5 endoplasms
  A giant cockroach (D:3)
  4 hobgoblins
  3 kobolds
  4 bats
  A frilled lizard (D:1)
  9 goblins
  5 rats
50 creatures vanquished.

Notes
Turn   | Place    | Note
-------+----------+-------------------------------------------
     0 | D:1      | Godstar23 the Gnoll Arcane Marksman began the quest for the
                  | Orb.
     0 | D:1      | Reached XP level 1. HP: 17/17 MP: 4/4
   245 | D:1      | Reached XP level 2. HP: 20/23 MP: 3/5
   258 | D:1      | Learned a level 2 spell: Slow
  1245 | D:2      | Reached XP level 3. HP: 21/28 MP: 7/7
  1651 | D:2      | Learned a level 3 spell: Inner Flame
  1728 | D:2      | Reached skill level 1 in Invocations
  1941 | D:2      | Found a faded altar of an unknown god.
  1956 | D:2      | Reached skill level 1 in Short Blades
  1956 | D:2      | Reached skill level 1 in Long Blades
  1956 | D:2      | Reached skill level 1 in Axes
  1956 | D:2      | Reached skill level 1 in Maces & Flails
  1956 | D:2      | Reached skill level 1 in Polearms
  1956 | D:2      | Reached skill level 1 in Staves
  1956 | D:2      | Reached skill level 1 in Slings
  1956 | D:2      | Reached skill level 1 in Crossbows
  1956 | D:2      | Reached skill level 1 in Throwing
  1956 | D:2      | Reached skill level 1 in Armour
  1956 | D:2      | Reached skill level 1 in Stealth
  1956 | D:2      | Reached skill level 1 in Shields
  1956 | D:2      | Reached skill level 1 in Unarmed Combat
  1956 | D:2      | Reached skill level 1 in Evocations
  2437 | D:3      | Reached XP level 4. HP: 31/34 MP: 6/8
  2784 | D:3      | Learned a level 2 spell: Poisonous Vapours
  2974 | D:3      | Reached skill level 1 in Conjurations
  2974 | D:3      | Reached skill level 1 in Summonings
  2974 | D:3      | Reached skill level 1 in Necromancy
  2974 | D:3      | Reached skill level 1 in Translocations
  2974 | D:3      | Reached skill level 1 in Transmutations
  2974 | D:3      | Reached skill level 1 in Fire Magic
  2974 | D:3      | Reached skill level 1 in Ice Magic
  2974 | D:3      | Reached skill level 1 in Air Magic
  2974 | D:3      | Reached skill level 1 in Earth Magic
  2974 | D:3      | Reached skill level 1 in Poison Magic
  3514 | D:3      | Killed by an exploding orc... ignited by their inner flame

Illustrated notes

Levels and vault maps discovered:
D:1:      nicolae_arrival_memento_mori, layout_loops_ring
D:2:      kennysheep_the_goblin_king, layout_loops_ring,
          hellmonk_ecumenical_altar_defaced_shrine, minmay_misc_feat_rugged,
          bh_walls_and_bars
D:3:      layout_basic

Skill      XL: |  1  2  3  4 |
---------------+-------------+-----
Invocations    | 1 |  1.4
Short Blades   | 1 |  1.3
Long Blades    | 1 |  1.3
Axes           | 1 |  1.3
Maces & Flails | 1 |  1.3
Polearms       | 1 |  1.3
Staves         | 1 |  1.3
Slings         | 1 |  1.3
Crossbows      | 1 |  1.3
Throwing       | 1 |  1.3
Armour         | 1 |  1.3
Stealth        | 1 |  1.3
Shields        | 1 |  1.3
Unarmed Combat | 1 |  1.3
Evocations     | 1 |  1.3
Spellcasting   | 3 |  3.1
Conjurations   | 1 |  1.0
Summonings     | 1 |  1.0
Necromancy     | 1 |  1.0
Translocations | 1 |  1.0
Transmutations | 1 |  1.0
Fire Magic     | 1 |  1.0
Ice Magic      | 1 |  1.0
Air Magic      | 1 |  1.0
Earth Magic    | 1 |  1.0
Poison Magic   | 1 |  1.0
Fighting       | |  2.8
Bows           | |  4.7
Dodging        | |  4.7
Hexes          | |  5.5

Action                   |  1- 3 |  4- 6 || total
-------------------------+-------+-------++-------
Melee: Rapier            |    19 |    34 ||    53
       Dagger            |     5 |       ||     5
       Bite              |       |     2 ||     2
 Fire: Shortbow          |    87 |    16 ||   103
Throw: Javelin           |     5 |       ||     5
       Dart              |     3 |       ||     3
 Cast: Corona            |     6 |       ||     6
       Slow              |    13 |     6 ||    19
       Poisonous Vapours |       |     7 ||     7
       Inner Flame       |       |     3 ||     3
Armor: Robe              |    14 |     9 ||    23
Dodge: Dodged            |    24 |    24 ||    48
